 Dungeon Crawl Stone Soup version 0.30.0-29-ga12c61a403 (webtiles) character file.

Game seed: 1604029623626450368

1141 Fodor the Covered (level 8, 0/105 HPs)
             Began as a Minotaur Fighter on June 22, 2023.
             Slain by a gnoll
             ... wielding a +0 spear
              (7 damage)
             ... on level 5 of the Dungeon.
             The game lasted 00:24:45 (4564 turns).

Fodor the Covered (Minotaur Fighter)                Turns: 4564, Time: 00:24:47

Health: 0/105      AC: 31    Str: 19 (22) XL:     8   Next: 14%
Magic:  7/7        EV:  2    Int:  2 (4)  God:
Gold:   221        SH:  5    Dex: 13 (14) Spells: 7/7 levels left

rFire   . . .        f - +2 mace (protect)
rCold   . . .        c - +0 buckler
rNeg    . . .        r - melded +0 chain mail
rPois   +            o - melded +2 hat
rElec   .            (cloak currently unavailable)
rCorr   .            (gloves currently unavailable)
SInv    .            (boots currently unavailable)
Will    .....        t - amulet of the acrobat
Stlth   +            g - +5 ring of evasion
HPRegen 0.37/turn    (no ring)
MPRegen 0.10/turn

%: acrobat, clarity
@: tree-form, weakened, under a protective aura
A: stationary, stasis, torment immunity, boosted hp, (horns 2), (retaliatory
headbutt), agile 1, clarity
a: no special abilities


You were on level 5 of the Dungeon.
You were a tree.
You visited 1 branch of the dungeon, and saw 5 of its levels.

You collected 221 gold pieces.

Inventory:

Hand Weapons
 f - a +2 mace of protection (weapon)
 v - the +0 sling of the Lusting Wasp {flame, rCorr Str+2 Int-4}
   (You found it on level 3 of the Dungeon)

   Str:       It affects your strength (+2).
   Int:       It affects your intelligence (-4).
   rCorr:     It protects you from acid and corrosion.
 A - a +2 long sword of holy wrath
Missiles
 s - 12 poisoned darts (quivered)
Armour
 c - a +0 buckler (worn)
 o - a +2 hat (melded)
 r - a +0 chain mail (melded)
Jewellery
 g - a +5 ring of evasion (left branch)
 t - an amulet of the acrobat (around neck)
Wands
 i - a wand of mindburst (10)
 p - a wand of flame (5)
Scrolls
 b - a scroll of noise {unknown}
 d - a scroll of vulnerability {unknown}
 e - a scroll of fear {unknown}
 h - a scroll of enchant armour
 k - 7 scrolls of identify {unknown}
 l - 3 scrolls of teleportation {unknown}
 q - 2 scrolls of magic mapping {unknown}
 w - 2 scrolls of immolation {unknown}
 y - a scroll of summoning {unknown}
 z - a scroll of acquirement {unknown}
 C - a scroll of blinking {unknown}
Potions
 j - a potion of invisibility {unknown}
 m - a potion of ambrosia {unknown}
 n - 2 potions of degeneration
 B - a potion of haste {unknown}


   Skills:
 + Level 5.8 Fighting
 + Level 2.9 Long Blades
 + Level 6.2 Maces & Flails
 + Level 3.1 Ranged Weapons
 + Level 6.5 Armour
 + Level 2.4 Dodging
 + Level 0.1 Stealth
 + Level 5.3 Shields


You had 7 spell levels left.
You didn't know any spells.
Your spell library contained the following spells:

 Spells                   Type           Power      Damage    Failure   Level
 Gell's Gravitas          Tloc           0%         N/A       94%         3
 Teleport Other           Tloc           0%         N/A       94%         3
 Dispersal                Tloc           0%         N/A       100%        6


Dungeon Overview and Level Annotations

Branches:
Dungeon (5/15)             Temple (0/1) D:5

Altars:
Ru
The Shining One

Shops:
D:1 (

Portals:
Sewer: D:5

Annotations:
D:5 Pikel


Innate Abilities, Weirdness & Mutations

You are a tree.
Your roots penetrate the ground, keeping you stationary.
You cannot be teleported.
You are immune to unholy pain and torment.
Your maximum health is greatly increased.
Your equipment is partially melded.
((You have a pair of horns on your head.))
((You reflexively headbutt those who attack you in melee.))
You are agile. (Dex +4, Str/Int -1)
You possess an exceptional clarity of mind.


Message History

Pikel hits you but does no damage. The rat bites you but does no damage.
The gnoll hits you from afar with a +0 halberd.
* * * LOW HITPOINT WARNING * * *
You hit the gnoll but do no damage.
Your weapon exudes an aura of protection.
The gnoll is moderately wounded.
The gnoll is no longer moving quickly. x2
The centaur hits you but does no damage.
The centaur barely misses you.
The gnoll hits you from afar with a +0 halberd.
* * * LOW HITPOINT WARNING * * *
The gnoll barely misses you. The gnoll hits you but does no damage.
Pikel hits you but does no damage. The rat bites you but does no damage.
The gnoll hits you but does no damage.
The centaur hits you but does no damage.
The centaur kicks you but does no damage.
You hit the gnoll.
The gnoll is heavily wounded.
You block the gnoll's attack. The gnoll hits you but does no damage.
The centaur hits you but does no damage.
You block the centaur's attack. The lemure hits you but does no damage.
The gnoll hits you but does no damage. Pikel hits you but does no damage.
The rat bites you but does no damage. x2; The gnoll barely misses you.
The gnoll hits you from afar with a +0 halberd.
* * * LOW HITPOINT WARNING * * *
The centaur hits you but does no damage.
The centaur kicks you but does no damage.
The gnoll hits you but does no damage.
As you read the scroll labelled YCIYMEC KO DISHRULE, it crumbles to dust.
The scroll dissolves into smoke.
It was a scroll of fog.
The lemure hits you but does no damage. The gnoll barely misses you.
Pikel hits you but does no damage. The rat bites you but does no damage.
The rat bites you.
* * * LOW HITPOINT WARNING * * *
The centaur hits you but does no damage.
The centaur kicks you.
* * * LOW HITPOINT WARNING * * *
The gnoll hits you but does no damage. You block the gnoll's attack.
The gnoll hits you from afar with a +0 spear!
You die...

#... ........... #...
.........? .# #...
..~~~..... .<# ###'
.~~~~~... ...# #.
.~~∩~~... ...#. #.
.~~~~~55# g..#. ##
..~~~.rK##g#.# #.#######
.....5r♣gg...# #.$......
......c5§gg..# #...:....
.#...§..§g...###........
............:...........
##########..............
#..........##..
#..........+...
##.........##..
#.........###.


You could see Pikel, 4 lemures, a centaur, 5 gnolls and 2 rats.

Vanquished Creatures
  Prince Ribbit (D:5)
  An ice beast (D:5)
  2 phantoms (D:5)
  A scorpion (D:4)
  3 jellies (D:5)
  An orc priest (D:4)
  A gnoll bouda (D:5)
  2 iguanas
  Jessica (D:2)
  Ijyb (D:3)
  Natasha (thrice) (D:3)
  Terence (D:3)
  An orc wizard (D:4)
  A sleepcap (D:5)
  Robin (D:2)
  A gnoll (D:2)
  12 adders
  A river rat (D:5)
  An ufetubus (D:4)
  2 worms
  3 dart slugs
  9 orcs
  8 endoplasms
  3 giant cockroaches
  11 goblins
  4 hobgoblins
  4 jackals (D:2)
  6 quokkas
  4 ball pythons
  4 bats
  4 frilled lizards
  4 kobolds
  9 rats
111 creatures vanquished.

Notes
Turn   | Place    | Note
-------+----------+-------------------------------------------
     0 | D:1      | Fodor the Minotaur Fighter began the quest for the Orb.
     0 | D:1      | Reached XP level 1. HP: 19/19 MP: 0/0
    35 | D:1      | Found a faded altar of an unknown god.
   306 | D:1      | Found Kudolut's Weapon Boutique.
   510 | D:1      | Reached XP level 2. HP: 27/27 MP: 1/1
   807 | D:2      | Found a glowing golden altar of the Shining One.
   835 | D:2      | Reached XP level 3. HP: 33/33 MP: 2/2
   836 | D:2      | Noticed Jessica
   844 | D:2      | Killed Jessica
   845 | D:2      | Reached skill level 1 in Maces & Flails
   845 | D:2      | Reached XP level 4. HP: 41/41 MP: 3/3
  1370 | D:2      | Noticed Robin
  1378 | D:2      | Killed Robin
  1620 | D:2      | Reached skill level 1 in Dodging
  1763 | D:2      | Reached XP level 5. HP: 47/47 MP: 4/4
  2253 | D:3      | Noticed Natasha
  2258 | D:3      | Killed Natasha
  2259 | D:3      | Reached skill level 5 in Armour
  2342 | D:3      | Noticed Natasha
  2349 | D:3      | Killed Natasha
  2607 | D:3      | Noticed Natasha
  2616 | D:3      | Killed Natasha
  2739 | D:3      | Identified the +0 sling of the Lusting Wasp {flame, rCorr
                  | Str+2 Int-4}
  2789 | D:3      | Reached XP level 6. HP: 55/55 MP: 5/5
  2790 | D:3      | Noticed Terence
  2814 | D:3      | Killed Terence
  2952 | D:3      | Found the +3 giant club "Skullcrusher" {speed, Str+7}
  3079 | D:3      | Noticed Ijyb
  3091 | D:3      | Killed Ijyb
  3420 | D:4      | Reached skill level 5 in Fighting
  3508 | D:4      | Found a sacrificial altar of Ru.
  3525 | D:4      | Reached skill level 1 in Ranged Weapons
  3914 | D:4      | Reached XP level 7. HP: 61/61 MP: 6/6
  4108 | D:5      | Entered Level 5 of the Dungeon
  4183 | D:5      | Reached skill level 5 in Shields
  4218 | D:5      | Reached skill level 5 in Maces & Flails
  4402 | D:5      | Noticed Prince Ribbit
  4435 | D:5      | Killed Prince Ribbit
  4436 | D:5      | Reached XP level 8. HP: 70/70 MP: 7/7
  4493 | D:5      | Found a staircase to the Ecumenical Temple.
  4538 | D:5      | Found a glowing drain.
  4548 | D:5      | Noticed Pikel
  4560 | D:5      | Gained mutation: You possess an exceptional clarity of
                  | mind. [potion of mutation]
  4560 | D:5      | Gained mutation: You are agile. (Dex +4, Str/Int -1)
                  | [potion of mutation]
  4564 | D:5      | Slain by a gnoll

Illustrated notes

Levels and vault maps discovered:
D:1:      dpeg_arrival_erosion, layout_basic,
          ebering_ecumenical_altar_abandoned, serial_shops,
          nicolae_lakefront_shop, kennysheep_minor_cross,
          kennysheep_another_room, minivault_23, roderic_st_hans_cross
D:2:      layout_basic, basic_altar, minmay_tromino_v4_a, uniq_jessica,
          uniq_robin
D:3:      layout_loops_ring, grunt_ministairs_6, corexii_corridor_pit,
          kennysheep_generic_room_16, uniq_natasha, uniq_ijyb, uniq_terence
D:4:      layout_loops_corners, nicolae_ru_sacrificial_ziggurat
D:5:      layout_basic, minmay_temple_entry_trees, portal_sewer_entry_a,
          minmay_checkerbox, uniq_prince_ribbit1, uniq_pikel

Skill      XL: |  1  2  3  4  5  6  7 |
---------------+----------------------+-----
Shields        | 4 5 |  5.3
Fighting       | 4 5 |  5.8
Armour         | 4 5 6 |  6.5
Maces & Flails | 1 3 6 |  6.2
Dodging        | 1 2 |  2.4
Ranged Weapons | 2 3 |  3.1
Long Blades    | |  2.9
Stealth        | |  0.1

Action                     |  1- 3 |  4- 6 |  7- 9 || total
---------------------------+-------+-------+-------++-------
  Melee: Long sword        |    12 |       |       ||    12
         Mace              |    15 |   133 |    82 ||   230
         Headbutt          |     6 |    13 |    17 ||    36
   Fire: Sling             |       |    29 |     3 ||    32
    Use: Potion            |       |     1 |     5 ||     6
         Scroll            |       |       |     2 ||     2
 Armour: Scale mail        |     8 |    13 |       ||    21
         Chain mail        |       |    54 |    54 ||   108
         Skin              |       |       |    27 ||    27
  Dodge: Dodged            |    21 |   140 |   124 ||   285
  Block: Buckler           |     7 |    52 |    38 ||    97
